 Dungeon Crawl Stone Soup version 0.29.1-1-gd02db6906a (webtiles) character file.

Game seed: 6826254201405137306

8000 Acheron the Cleaver (level 11, -1/121 HPs)
             Began as a Demonspawn Fighter on Sept 21, 2022.
             Was a Priest of Nemelex Xobeh.
             Slain by a death yak (3 damage)
             ... in an ice cave.
             The game lasted 00:56:04 (11739 turns).

Acheron the Cleaver (Demonspawn Fighter)           Turns: 11739, Time: 00:56:05

Health: -1/121     AC: 20    Str: 16    XL:     11   Next: 4%
Magic:  15/15      EV: 14    Int: 11    God:    Nemelex Xobeh [***...]
Gold:   631        SH:  9    Dex: 16    Spells: 10/12 levels left

rFire   . . .      SeeInvis +   a - +2 war axe (vorpal)
rCold   . . .      Faith    .   c - +0 buckler
rNeg    . . .      Spirit   .   K - +0 steam dragon scales
rPois   +          Reflect  .   O - +2 helmet
rElec   .          Harm     .   P - +0 cloak
rCorr   .          Rampage  .   w - +0 pair of gloves
Will    .....                   e - +0 pair of boots
Stlth   ..........              f - amulet of the acrobat
HPRegen 0.30/turn               k - ring of see invisible
MPRegen 0.14/turn               q - ring of poison resistance

@: berserking (expiring), studying Short Blades, very quick
A: claws 2, yellow scales 2, icemail 1, spiny 2, condensation shield
a: Renounce Religion, Draw Escape, Draw Destruction, Draw Summoning, Triple Draw


You were in an ice cave.
You worshipped Nemelex Xobeh.
Nemelex Xobeh was most pleased with you.
You visited 2 branches of the dungeon, and saw 12 of its levels.
You also visited: Ice Cave.

You collected 631 gold pieces.

Inventory:

Hand Weapons
 a - a +2 vorpal war axe (weapon)
 h - a +4 short sword of freezing
 r - a +2 short sword of speed
 A - a +2 vampiric dagger
 B - the +2 whip "Rolewnyr" {drain, Contam rC+ Dex+4}
   (You found it on level 5 of the Dungeon)

   A truly terrible weapon, it drains the life of any living foe it strikes.
   Dex:       It affects your dexterity (+4).
   rC:        It protects you from cold.
   Contam:    It causes magical contamination when unequipped.
 M - a +2 short sword of protection
 R - a +2 demon trident of venom
 S - a +2 whip of electrocution
Missiles
 y - 6 boomerangs (quivered)
 I - a curare-tipped dart
 N - 5 poisoned darts
 T - a throwing net
Armour
 c - a +0 buckler (worn)
 e - a +0 pair of boots (worn)
 v - a +0 hat
 w - a +0 pair of gloves (worn)
 D - a +2 robe of willpower
 K - +0 steam dragon scales (worn)
 O - a +2 helmet (worn)
 P - a +0 cloak (worn)
Magical Staves
 E - a staff of fire
Jewellery
 f - an amulet of the acrobat (around neck)
 k - a ring of see invisible (left hand)
 q - a ring of poison resistance (right hand)
 Q - a ring of magical power
Wands
 j - a wand of paralysis (17)
 p - a wand of roots (13)
 L - a wand of flame (22)
Scrolls
 n - 4 scrolls of teleportation
 u - 4 scrolls of fear
 C - 2 scrolls of enchant armour
 F - 2 scrolls of butterflies
Potions
 b - a potion of flight
 d - 2 potions of might
 g - 2 potions of resistance
 l - a potion of magic
 o - 6 potions of heal wounds
 s - 4 potions of curing
 z - 2 potions of lignification
 G - 4 potions of mutation


   Skills:
 + Level 6.1 Fighting
 * Level 5.0 Short Blades
 + Level 8.7 Axes
 + Level 3.0 Throwing
 + Level 5.0 Armour
 * Level 4.9 Dodging
 * Level 4.7 Stealth
 - Level 5.0 Shields
 + Level 1.4 Spellcasting
 * Level 5.7 Invocations
 * Level 4.9 Evocations


You had 10 spell levels left.
You knew the following spells:

 Your Spells              Type           Power      Damage    Failure   Level
a - Wereblood             Tmut           0%         N/A       52%         2

Your spell library contained the following spells:

 Spells                   Type           Power      Damage    Failure   Level
 Sublimation of Blood     Necr           0%         N/A       52%         2
 Conjure Flame            Conj/Fire      0%         6-21      75%         3
 Dazzling Flash           Conj/Hex       0%         N/A       75%         3
 Ignite Poison            Fire/Tmut/Pois 0%         N/A       75%         3
 Stone Arrow              Conj/Erth      0%         3d7       75%         3
 Animate Armour           Summ/Erth      0%         N/A       98%         4
 Iskenderun's Mystic Bla  Conj/Tloc      0%         2d3       98%         4
 Olgreb's Toxic Radiance  Pois           0%         N/A       98%         4
 Sticky Flame             Conj/Fire      0%         2d3       98%         4
 Summon Lightning Spire   Summ/Air       0%         N/A       98%         4
 Starburst                Conj/Fire      0%         6d3       100%        6
 Ozocubu's Refrigeration  Ice            0%         4d7       100%        7
 Storm Form               Tmut/Air       0%         N/A       100%        7
 Summon Hydra             Summ           0%         N/A       100%        7
 Ignition                 Fire           0%         3d3       100%        8
 Lehudib's Crystal Spear  Conj/Erth      0%         10d2      100%        8
 Maxwell's Capacitive Co  Air            0%         ∞         100%        8


Dungeon Overview and Level Annotations

Branches:
Dungeon (11/15)            Temple (1/1) D:5             Orc (0/2) D:9
  IceCv (1/1)
   Lair: D:8-11

Altars:
Ashenzari
Cheibriados
Dithmenos
Fedhas
Gozag
Hepliaklqana
Kikubaaqudgha
Makhleb
Nemelex Xobeh
Okawaru
Qazlal
Ru
Sif Muna
Trog
Uskayaw
Vehumet
Wu Jian
Xom
Yredelemnul

Shops:
D:5 [

Annotations:
D:6 1 runed translucent door, Ordine's ghost, novice TrFi


Innate Abilities, Weirdness & Mutations

You have very sharp fingernails.
You are mostly covered in yellow scales. (AC +3)
A meltable icy envelope protects you from harm. (AC +4)
You are mostly covered in sharp spines.
A meltable shield of frost defends you. (SH +4)


Message History

The death yak gores you but does no damage.
Unknown command.
You hit the death yak but do no damage.
The death yak is moderately wounded.
You hit the death yak. You block the death yak's attack.
The death yak gores you!
You slash the death yak!
The death yak is heavily wounded.
You hit the death yak. The death yak gores you!
The death yak gores you but does no damage.
You slash the death yak!
The death yak is severely wounded.
You completely miss the death yak. The death yak barely misses you.
You block the death yak's attack.
You slash the death yak!
The death yak is almost dead.
You barely miss the death yak. You slash the death yak!
The death yak is heavily wounded.
You hit the death yak but do no damage. You block the death yak's attack.
The death yak misses you.
You slash the death yak!
The death yak is severely wounded.
You slash the death yak!
You kill the death yak!
The death yak gores you!
* * * LOW HITPOINT WARNING * * *
Your Short Blades skill increases to level 5!
You have reached level 11!
You slash the death yak!
The death yak is severely wounded.
The death yak gores you!!
* * * LOW HITPOINT WARNING * * *
You slash the death yak!
The death yak is almost dead.
You barely miss the death yak.
The death yak is almost dead.
The death yak is struck by your spines. The death yak gores you.
You die...
Your body disappears without a glow.

#.h#
##..#
##..#
#..##
#...##
##...##
##...#
##†Y.#
#.@.##
##...##
##.....##
#...∩...#
#.......#
##..∩..##
##...##
#####


You could see a death yak.

Vanquished Creatures
  A death yak (IceCv)
  Maurice (D:8)
  A hellwing (D:8)
  3 rime drakes
  A red devil (D:9)
  3 polar bears (IceCv)
  A troll (D:6)
  Grinder (D:5)
  A shadow (D:11)
  4 yaks (IceCv)
  A neqoxec (D:8)
  2 steam dragons (D:8)
  4 orc warriors
  A black bear (D:6)
  A wolf (IceCv)
  4 centaurs
  2 phantoms
  3 kobold brigands
  Blork the orc (D:6)
  2 bullfrogs
  A necrophage (D:6)
  A gnoll sergeant (D:6)
  9 wights (D:8)
  A killer bee (D:9)
  The ghost of Mandevil the Digger, a weakling FoEE (D:3)
  2 howler monkeys (D:8)
  3 jellies
  3 quasits
  An orc priest (D:9)
  2 gnoll boudas
  Ijyb (D:3)
  5 iguanas
  An orc wizard (D:9)
  20 gnolls
  10 adders
  2 shadow imps (D:6)
  4 white imps
  An ufetubus (D:6)
  14 orcs
  4 endoplasms
  5 giant cockroaches
  17 goblins
  9 hobgoblins
  4 jackals (D:3)
  37 kobolds
  3 quokkas
  3 ball pythons
  5 bats
  4 frilled lizards (D:3)
  6 rats
217 creatures vanquished.

Vanquished Creatures (collateral kills)
  2 red devils (D:9)
  A wyvern (D:9)
3 creatures vanquished.

Vanquished Creatures (others)
  13 demonic plants
  2 withered plants (D:6)
15 creatures vanquished.

Grand Total: 235 creatures vanquished

Notes
Turn   | Place    | Note
-------+----------+-------------------------------------------
     0 | D:1      | Acheron the Demonspawn Fighter began the quest for the Orb.
     0 | D:1      | Reached XP level 1. HP: 18/18 MP: 1/1
    76 | D:2      | Found a faded altar of an unknown god.
   111 | D:1      | Gained mutation: A meltable shield of frost defends you.
                  | (SH +4) [demonic ancestry]
   111 | D:1      | Reached XP level 2. HP: 21/24 MP: 2/2
   272 | D:1      | Reached skill level 2 in Axes
  1316 | D:2      | Gained mutation: You are partially covered in sharp spines.
                  | [demonic ancestry]
  1316 | D:2      | Reached XP level 3. HP: 27/29 MP: 3/3
  2130 | D:1      | Gained mutation: A meltable icy envelope protects you from
                  | harm. (AC +4) [demonic ancestry]
  2130 | D:1      | Reached XP level 4. HP: 35/35 MP: 4/4
  2384 | D:3      | Reached skill level 1 in Stealth
  2703 | D:3      | Reached skill level 1 in Dodging
  2710 | D:3      | Noticed an orc warrior
  2710 | D:3      | Noticed Mandevil's ghost (weakling FoEE)
  2711 | D:3      | Found a transporter.
  2745 | D:3      | Found a transporter.
  2840 | D:3      | Noticed Ijyb
  2850 | D:3      | Paralysed by Ijyb for 5 turns
  2855 | D:3      | Killed Ijyb
  2856 | D:3      | Reached skill level 3 in Axes
  3137 | D:4      | Noticed a phantom
  3139 | D:4      | Killed a phantom
  3140 | D:4      | Gained mutation: You are mostly covered in sharp spines.
                  | [demonic ancestry]
  3140 | D:4      | Reached XP level 5. HP: 41/41 MP: 5/5
  3601 | D:4      | Gained mutation: You are partially covered in yellow
                  | scales. (AC +2) [demonic ancestry]
  3601 | D:4      | Reached XP level 6. HP: 48/48 MP: 6/6
  3733 | D:4      | Learned a level 2 spell: Wereblood
  3807 | D:5      | Entered Level 5 of the Dungeon
  4108 | D:5      | Found Jiyczu's Antique Armour Boutique.
  4172 | D:5      | Found a staircase to the Ecumenical Temple.
  4178 | Temple   | Entered the Ecumenical Temple
  4380 | Temple   | Became a worshipper of Nemelex Xobeh the Trickster
  4470 | D:5      | Reached skill level 1 in Evocations
  4632 | D:5      | Identified the +2 whip "Rolewnyr" {drain, Contam rC+ Dex+4}
  4647 | D:5      | Reached skill level 4 in Axes
  4816 | D:6      | Noticed Blork the orc
  4820 | D:6      | Killed Blork the orc
  4958 | D:7      | Noticed an orc warrior
  5215 | D:5      | Noticed Grinder
  5223 | D:5      | Paralysed by Grinder for 3 turns
  5243 | D:5      | Killed Grinder
  5244 | D:5      | Reached skill level 1 in Invocations
  5244 | D:5      | Reached XP level 7. HP: 34/54 MP: 7/7
  5442 | D:5      | Reached skill level 1 in Throwing
  5816 | D:6      | Reached skill level 5 in Axes
  5960 | D:6      | Gained mutation: You have sharp fingernails. [demonic
                  | ancestry]
  5960 | D:6      | Reached XP level 8. HP: 51/60 MP: 9/9
  6035 | D:6      | Found a blossoming altar of Fedhas.
  6035 | D:6      | Found an ornate altar of the Wu Jian Council.
  6060 | D:6      | Reached * piety under Nemelex Xobeh
  6194 | D:6      | Received a gift from Nemelex Xobeh
  6417 | D:6      | Found a runed translucent door.
  6418 | D:6      | Noticed Ordine's ghost (novice TrFi)
  6429 | D:6      | Noticed a troll
  6456 | D:6      | Killed a troll
  6685 | D:6      | Reached skill level 6 in Axes
  7422 | D:7      | Reached ** piety under Nemelex Xobeh
  7456 | D:7      | Reached skill level 1 in Short Blades
  7461 | D:7      | Gained mutation: You have very sharp fingernails. [demonic
                  | ancestry]
  7461 | D:7      | Reached XP level 9. HP: 65/66 MP: 11/11
  7735 | D:8      | Noticed Maurice
  7743 | D:9      | Noticed a hellwing
  8109 | D:8      | Reached skill level 7 in Axes
  9150 | D:8      | Killed Maurice
  9151 | D:8      | Reached skill level 5 in Fighting
  9386 | D:9      | Noticed a smoke demon
  9478 | D:9      | Noticed a rust devil
  9478 | D:9      | Noticed an ice devil
  9530 | D:9      | Noticed a red devil
  9547 | D:9      | Noticed a red devil
  9551 | D:9      | Noticed a red devil
  9552 | D:9      | Killed a red devil
  9572 | D:9      | HP: 2/68 [red devil/+0 trident (8)]
  9574 | D:9      | Killed a red devil
  9575 | D:9      | Reached skill level 1 in Spellcasting
  9577 | D:9      | Killed a red devil
  9583 | D:9      | Gained mutation: You are mostly covered in yellow scales.
                  | (AC +3) [demonic ancestry]
  9583 | D:9      | Reached XP level 10. HP: 15/74 MP: 13/13
  9889 | D:9      | Reached skill level 5 in Shields
  9980 | D:9      | Noticed a rust devil
  9981 | D:9      | Noticed a rust devil
  9989 | D:9      | Reached skill level 5 in Armour
 10315 | D:3      | Killed Mandevil's ghost
 11274 | D:8      | Reached skill level 8 in Axes
 11421 | D:9      | Noticed a soul eater
 11424 | D:10     | Entered Level 10 of the Dungeon
 11543 | D:11     | Reached *** piety under Nemelex Xobeh
 11561 | D:11     | Found a frozen archway.
 11675 | IceCv    | Entered an ice cave
 11684 | IceCv    | Reached skill level 5 in Invocations
 11713 | IceCv    | Noticed a death yak
 11723 | IceCv    | Noticed a death yak
 11736 | IceCv    | Killed a death yak
 11737 | IceCv    | Reached skill level 5 in Short Blades
 11737 | IceCv    | Reached XP level 11. HP: 21/81 MP: 15/15
 11737 | IceCv    | HP: 2/121 [death yak (19)]
 11739 | IceCv    | Slain by a death yak

Illustrated notes

Levels and vault maps discovered:
D:1:      minmay_arrival_jagged, layout_rooms, serial_co_window_serial,
          co_window_paths_b, co_window_corner_a, co_window_paths_b,
          co_window_of_opportunity_a, co_window_of_opportunity_a,
          co_window_corner_ca, co_window_corner_ca, co_window_unsneaky_path_d,
          co_window_unsneaky_path_e, co_window_unsneaky_path_c,
          co_window_corner_ca, co_window_4corner_a, co_window_sun,
          glass_columns_b, glass_columns_a
D:2:      layout_basic, nicolae_ecumenical_pavilion,
          kennysheep_cross_bottleneck, minmay_pentomino_q2
D:3:      layout_loops_ring, gammafunk_ghost_arena, minmay_misc_feat_room,
          uniq_ijyb
D:4:      corexii_shantytown, layout_loops_corners
D:5:      layout_basic, minmay_temple_entry_enclosed_plants, serial_shops,
          kennysheep_little_box, dreamdust_princess_corridor, uniq_grinder
D:6:      layout_basic, jmf_multi_god_temple, gammafunk_ghost_grave,
          minmay_manual_mullet, uniq_blork_the_orc
D:7:      layout_loops_corners, minmay_misc_feat_tower, nicolae_sextant,
          chequers_decorated_corner, kennysheep_generic_room_10
D:8:      layout_loops_ring, minmay_misc_feat_hallway, uniq_maurice
D:9:      layout_rooms, orc_0_dummy, serial_demonic, serial_demonic_a,
          serial_demonic_g, serial_demonic_b, serial_demonic_c,
          serial_demonic_d, serial_demonic_c, serial_demonic_g,
          serial_demonic_c, serial_demonic_d, serial_demonic_d
D:10:     layout_long_grid, dpeg_oklobed_lair, uniq_grum, uniq_psyche,
          uniq_harold
D:11:     layout_roguey, portal_ice_cave_rime, minmay_misc_feat_rugged
Temple:   nicolae_temple_bog_church
IceCv:    ice_cave_small_giant

Skill      XL: |  1  2  3  4  5  6  7  8  9 10 |
---------------+-------------------------------+-----
Axes           | 2 3 4 5 6 7 8 |  8.7
Armour         | 3 4 5 |  5.0
Shields        | 3 4 5 |  5.0
Stealth        | 1 2 3 4 |  4.7
Dodging        | 1 2 3 4 |  4.9
Evocations     | 1 2 3 4 |  4.9
Fighting       | 4 5 6 |  6.1
Invocations    | 1 2 3 4 5 |  5.7
Throwing       | 1 2 3 |  3.0
Short Blades   | 1 3 5 |  5.0
Spellcasting   | 1 |  1.4

Action                   |  1- 3 |  4- 6 |  7- 9 | 10-12 || total
-------------------------+-------+-------+-------+-------++-------
Melee: War axe           |   110 |   122 |   211 |   144 ||   587
Throw: Boomerang         |       |     7 |     6 |       ||    13
Invok: Draw Destruction  |       |       |     6 |       ||     6
       Draw Summoning    |       |       |     1 |       ||     1
Evoke: Wand              |       |       |     1 |       ||     1
  Use: Scroll            |     6 |    11 |    10 |     3 ||    30
       Potion            |       |     1 |     3 |     4 ||     8
 Stab: Sleeping          |       |       |     1 |     1 ||     2
       Distracted        |       |       |     1 |       ||     1
Armor: Scale mail        |    44 |    37 |    63 |       ||   144
       Steam dragon scal |       |       |    31 |    57 ||    88
Dodge: Dodged            |    51 |    43 |   107 |    99 ||   300
Block: Buckler           |    60 |    68 |   133 |    87 ||   348
